 Dungeon Crawl Stone Soup version 0.27.0-1-g7a089689b8 (webtiles) character file.

Game seed: 17019701093951874934

4652 gimp the Grappler (level 10, -10/81 HPs)
             Began as a Troll Fire Elementalist on Aug 8, 2021.
             Was an Initiate of Hepliaklqana.
             Mangled by an orc warlord (38 damage)
             ... in a bailey.
             The game lasted 00:14:52 (6854 turns).

gimp the Grappler (Troll Fire Elementalist)         Turns: 6854, Time: 00:14:53

Health: -10/81     AC:  4    Str: 21    XL:     10   Next: 20%
Magic:  10/10      EV: 11    Int: 11    God:    Hepliaklqana [......]
Gold:   196        SH:  5    Dex: 10    Spells: 10/11 levels left

rFire    . . .     SeeInvis .     - Unarmed
rCold    . . .     Faith    .   (no shield)
rNeg     . . .     Spirit   .   a - +0 robe
rPois    .         Reflect  +   (helmet restricted)
rElec    .         Harm     .   (no cloak)
rCorr    .         Rampage  .   (gloves unavailable)
Will     .....                  (boots unavailable)
Stlth    +.........             j - amulet of reflection
HPRegen  1.23/turn              (no ring)
MPRegen  0.12/turn              (no ring)

@: flying, very slightly contaminated, hasted (expiring), very quick
A: large, unfitting armour, claws 3, regeneration 1, shaggy fur 1, tough skin 1
a: Renounce Religion


You were in a bailey.
You worshipped Hepliaklqana.
Hepliaklqana was noncommittal.
You visited 2 branches of the dungeon, and saw 9 of its levels.
You also visited: Bailey.

You collected 309 gold pieces.
You spent 113 gold pieces at shops.

Inventory:

Hand Weapons
 A - a +6 vorpal spear
Missiles
 q - a throwing net
Armour
 a - a +0 robe (worn)
Jewellery
 j - an amulet of reflection (around neck)
 w - an amulet of faith
Wands
 f - a wand of iceblast (3)
 B - a wand of mindburst (1)
Scrolls
 c - a scroll of noise {unknown}
 h - a scroll of acquirement
 i - a scroll of magic mapping
 m - a scroll of fog {unknown}
 o - a scroll of vulnerability
 r - a scroll of teleportation {unknown}
 s - a scroll of enchant armour {unknown}
 t - 2 scrolls of enchant weapon {unknown}
 u - a scroll of amnesia {unknown}
 x - a scroll of blinking {unknown}
 y - a scroll of holy word {unknown}
 C - 4 scrolls of fear
Potions
 b - 2 potions of haste
 d - 6 potions of heal wounds
 e - 4 potions of curing
 g - 2 potions of flight
 k - a potion of lignification
 l - 3 potions of resistance
 n - 2 potions of brilliance
 p - a potion of invisibility
 v - a potion of magic


   Skills:
 + Level 7.1 Dodging
 - Level 1.0 Stealth
 * Level 12.2 Unarmed Combat
 - Level 1.2 Spellcasting
 - Level 0.6 Conjurations
 - Level 2.1 Fire Magic


You had 10 spell levels left.
You knew the following spells:

 Your Spells              Type           Power      Damage    Failure   Level
a - Foxfire               Conj/Fire      12%        2x1d4     19%         1

Your spell library contained the following spells:

 Spells                   Type           Power      Damage    Failure   Level
 Magic Dart               Conj           8%         1d3       26%         1
 Call Imp                 Summ           0%         N/A       43%         2
 Conjure Flame            Conj/Fire      3%         6-21      47%         3
 Inner Flame              Hex/Fire       3%         N/A       52%         3
 Mephitic Cloud           Conj/Pois/Air  1%         N/A       65%         3
 Sticky Flame             Conj/Fire      3%         2d3       87%         4
 Airstrike                Air            0%         N/A       97%         4
 Summon Lightning Spire   Summ/Air       0%         N/A       97%         4
 Fireball                 Conj/Fire      1%         3d3       99%         5
 Lightning Bolt           Conj/Air       0%         1d11      100%        5


Dungeon Overview and Level Annotations

Branches:
Dungeon (8/15)             Temple (1/1) D:7          Bailey (1/1)
   Lair: D:8-11

Altars:
Ashenzari
Cheibriados
Dithmenos
Elyvilon
Fedhas
Gozag
Hepliaklqana
Kikubaaqudgha
Makhleb
Nemelex Xobeh
Okawaru
Qazlal
Ru
Sif Muna
Trog
Uskayaw
Vehumet
Wu Jian
Xom
Yredelemnul
Zin
The Shining One

Shops:
D:2 =**(*

Annotations:
D:7 exclusion: door


Innate Abilities, Weirdness & Mutations

You are too large for most types of armour.
You have claws for hands.
Your natural rate of healing is unusually fast.
You are covered in fur. (AC +1)
You have tough skin. (AC +1)


Message History

You flicker back into view.
The hobgoblin shouts!
Things that are here:
a +0 war axe; a +0 leather armour; an orc corpse
There is an open gate, spattered with blood here.
Aiming: Mindburst
Press: ? - help, Shift-Dir - straight line, f/p - orc warlord
Aim: an orc warlord, wielding a +3 vampiric bardiche and wearing a +0 chain mail (heavily wounded, chance to affect: 30%)
The orc warlord's mind is blasted.
Aiming: Mindburst
Press: ? - help, Shift-Dir - straight line, f/p - orc warlord
Aim: an orc warlord, wielding a +3 vampiric bardiche and wearing a +0 chain mail (heavily wounded, chance to affect: 30%)
The orc warlord easily resists.
Aiming: Iceblast
Press: ? - help, Shift-Dir - straight line, f/p - orc warlord
Aim: an orc warlord, wielding a +3 vampiric bardiche and wearing a +0 chain mail (heavily wounded)
The mass of ice explodes!
The iceblast engulfs the orc warlord!
The orc warlord is severely wounded.
The iceblast engulfs the goblin!
You kill the goblin!
The iceblast engulfs the orc!
You kill the orc!
Your extra speed is starting to run out.
You hear a shout! x2
Aiming: Iceblast
Press: ? - help, Shift-Dir - straight line, p - orc warlord The mass of ice explodes!
The iceblast engulfs the orc warlord!
The orc warlord is severely wounded.
The iceblast engulfs the orc knight!
The orc knight is lightly wounded.
The orc knight roars a battlecry!
The orc warlord goes into a battle-frenzy!
Aiming: Iceblast
Press: ? - help, Shift-Dir - straight line The mass of ice explodes!
The iceblast engulfs the orc warlord!
The orc warlord is almost dead.
The iceblast engulfs the orc!
You kill the orc!
The orc warlord hits you from afar with a +3 vampiric bardiche!!!
You die...

#.....)).) #...).o.o.
♣♣♣♣ ###.o..)... ♣♣..♣♣♣
###.#)#.....#
♣..)..♣♣♣###..g).###.###
♣...))..##.oo.)....###
♣....)..#..)....)...#
♣......))).)).......#
♣♣..∩.∩.@'o)...⌠.....#
♣........))g.....)...#
♣♣.......#.......)...#
♣.......##.....)...##
♣.......♣###.....###
♣♣..♣♣♣♣♣ ###.#'# ♣♣♣♣
###.. ... ....


You could see an orc warlord (strong), an orc knight (strong), an orc warrior
(strong), a hobgoblin and a goblin.

Vanquished Creatures
  Prince Ribbit (D:6)
  5 yaks (D:5)
  2 black bears
  An ice beast (D:6)
  A necrophage (D:7)
  12 orc warriors
  A sky beast (D:5)
  3 ogres (D:5)
  3 centaurs (D:7)
  A phantom (D:5)
  2 kobold brigands
  A bullfrog (D:7)
  A gnoll sergeant (D:7)
  2 scorpions
  A wyvern skeleton (D:7)
  A water moccasin skeleton (D:6)
  5 wights (D:8)
  3 electric eels (D:7)
  A jelly (D:7)
  2 orc priests
  3 centaur zombies
  4 hounds
  A gnoll shaman (D:5)
  2 iguanas
  Natasha (thrice) (D:3)
  A hound skeleton (D:5)
  A howler monkey skeleton (D:5)
  9 gnolls
  4 adders
  A shadow imp (D:5)
  An ufetubus (D:7)
  3 worms (D:4)
  A dart slug (D:5)
  27 orcs
  4 endoplasms
  4 giant cockroaches
  26 goblins
  13 hobgoblins
  12 jackals
  3 quokkas
  4 ball pythons
  4 bats
  3 frilled lizards
  11 kobolds
  7 rats
201 creatures vanquished.

Vanquished Creatures (others)
  6 plants
6 creatures vanquished.

Grand Total: 207 creatures vanquished

Notes
Turn   | Place    | Note
-------+----------+-------------------------------------------
     0 | D:1      | gimp the Troll Fire Elementalist began the quest for the
                  | Orb.
     0 | D:1      | Reached XP level 1. HP: 16/16 MP: 1/1
    59 | D:1      | Reached skill level 1 in Unarmed Combat
   151 | D:1      | Reached XP level 2. HP: 24/24 MP: 2/2
   194 | D:1      | Reached skill level 2 in Unarmed Combat
   431 | D:2      | Found Toboguemp's Assorted Antiques.
   459 | D:2      | Found Acvapufont's Antique Weapon Shoppe.
   480 | D:2      | Reached XP level 3. HP: 31/31 MP: 3/3
   639 | D:2      | Found Poxkas's General Store.
   654 | D:2      | Bought a potion of curing for 36 gold pieces
   862 | D:2      | Found a faded altar of an unknown god.
   862 | D:2      | Noticed a smoke demon
   964 | D:2      | Found Ibotroam's Jewellery Shoppe.
  1196 | D:2      | Found Cistrul's General Store.
  1206 | D:2      | Bought a scroll of identify for 22 gold pieces
  1238 | D:3      | Reached skill level 3 in Unarmed Combat
  1331 | D:3      | Noticed a scorpion
  1374 | D:3      | Killed a scorpion
  1375 | D:3      | Reached skill level 4 in Unarmed Combat
  1375 | D:3      | Reached XP level 4. HP: 33/39 MP: 4/4
  1427 | D:3      | Noticed Natasha
  1437 | D:3      | Killed Natasha
  1466 | D:3      | Noticed Natasha
  1468 | D:3      | You fall into a shaft and drop 3 floors!
  1472 | D:6      | Noticed a kobold brigand
  1555 | D:7      | Noticed a necrophage
  1601 | D:7      | Noticed a centaur
  1629 | D:7      | Noticed a centaur
  1697 | D:5      | Entered Level 5 of the Dungeon
  1753 | D:4      | Reached XP level 5. HP: 45/45 MP: 5/5
  1837 | D:4      | Reached skill level 5 in Unarmed Combat
  1951 | D:3      | Killed Natasha
  2268 | D:3      | Noticed Natasha
  2278 | D:3      | Killed Natasha
  2324 | D:2      | Bought a potion of heal wounds for 55 gold pieces
  2422 | D:4      | Reached XP level 6. HP: 53/53 MP: 6/6
  3281 | D:5      | Reached skill level 6 in Unarmed Combat
  3365 | D:5      | Reached XP level 7. HP: 58/59 MP: 7/7
  3595 | D:5      | Noticed a yak
  3599 | D:5      | Noticed a yak
  3603 | D:5      | Noticed a yak
  3604 | D:5      | Noticed a yak
  3607 | D:5      | Killed a yak
  3608 | D:5      | Reached skill level 7 in Unarmed Combat
  3608 | D:5      | Noticed a yak
  3669 | D:5      | Killed a yak
  3677 | D:5      | Killed a yak
  3678 | D:5      | Reached skill level 8 in Unarmed Combat
  3678 | D:5      | Reached XP level 8. HP: 57/67 MP: 8/8
  3897 | D:5      | Reached skill level 9 in Unarmed Combat
  3908 | D:5      | Found a glowing silver altar of Zin.
  3908 | D:5      | Noticed an angel
  3927 | D:5      | Reached skill level 5 in Dodging
  4293 | D:6      | Noticed Prince Ribbit
  4300 | D:6      | Killed Prince Ribbit
  4425 | D:6      | Reached XP level 9. HP: 74/74 MP: 9/9
  4433 | D:6      | Reached skill level 10 in Unarmed Combat
  5134 | D:7      | Found a sparkling altar of Nemelex Xobeh.
  5349 | D:7      | Found a staircase to the Ecumenical Temple.
  5518 | Temple   | Entered the Ecumenical Temple
  5650 | Temple   | Became a worshipper of Hepliaklqana the Forgotten
  5946 | D:7      | Reached skill level 11 in Unarmed Combat
  6403 | D:8      | Found a flagged portal.
  6423 | Bailey   | Entered a bailey
  6475 | Bailey   | Reached XP level 10. HP: 56/81 MP: 10/10
  6620 | Bailey   | Reached skill level 12 in Unarmed Combat
  6798 | Bailey   | Noticed an orc warlord
  6804 | Bailey   | Noticed an orc knight
  6854 | Bailey   | Mangled by an orc warlord

Illustrated notes

Levels and vault maps discovered:
D:1:      minmay_arrival_stone_box, layout_rooms
D:2:      layout_basic, serial_shops, shop, nicolae_shop_stone,
          nicolae_diamond_shop, shop, nicolae_lakefront_shop,
          dreamdust_ecumenical_altar_sealed_demon
D:3:      layout_loops_ring, uniq_natasha
D:4:      layout_layer_cave, serial_bayou_crossing
D:5:      layout_basic, zin_angel, serial_bayou_pond_e, minmay_tree_intersection
D:6:      layout_basic, uniq_prince_ribbit1
D:7:      cheibrodos_two_vegetables, layout_basic, nemelex_spade_bored_becter,
          minmay_temple_entry_nine_rooms
D:8:      layout_cave_pools, enter_bailey_5, gammafunk_ghost_hydra_chop
Temple:   regret_index_temple_chain_breaker
Bailey:   bailey_axe_minmay_hex_keep, bailey

Skill      XL: |  1  2  3  4  5  6  7  8  9 10 |
---------------+-------------------------------+-----
Unarmed Combat | 1 2 4 5 6 8 9 11 12 | 12.2
Dodging        | 2 3 4 5 6 7 |  7.1
Stealth        | |  1.0
Spellcasting   | |  1.2
Conjurations   | |  0.6
Fire Magic     | |  2.1

Action                   |  1- 3 |  4- 6 |  7- 9 | 10-12 || total
-------------------------+-------+-------+-------+-------++-------
Melee: Unarmed           |   109 |   134 |   285 |    96 ||   624
       Punch             |       |     2 |     5 |     5 ||    12
Evoke: Wand              |       |     1 |     9 |    17 ||    27
  Use: Scroll            |       |     1 |     7 |       ||     8
       Potion            |       |     1 |       |     3 ||     4
 Stab: Sleeping          |       |     1 |     1 |       ||     2
       Invisible         |       |       |       |     1 ||     1
Armor: Robe              |    55 |    26 |    48 |     9 ||   138
Dodge: Dodged            |    69 |    55 |    95 |    24 ||   243
Block: Other             |       |    18 |    49 |    20 ||    87
       Reflection        |       |       |     1 |       ||     1
